| TOP OF THE 1ST |
|
Reading Phillies batting - Pitching for Pawtucket Paw Sox : RHP Curtis Coward
|
|
Pitching: RHP Curtis Coward
|
|
|
Batting: LHB George Johnson
|
0-0: Called Strike 0-1: Ball 1-1: Called Strike 1-2: Foul Ball, location: 2F 1-2: Ball 2-2: Ball 3-2: SINGLE (Flyball, 5D, EV 86.9 MPH)
|
|
Batting: LHB Paul Hertzler
|
0-0: Ball 1-0: Ball 2-0: Called Strike 2-1: SINGLE (Groundball, 6MD, EV 110.6 MPH) George Johnson to second Runner from 2nd tries for 3rd, SAFE, no throw by CF
|
|
Batting: LHB Martino Martin
|
0-0: Ball 1-0: Called Strike 1-1: Called Strike 1-2: Foul Ball, location: 2F 1-2: Foul Ball, location: 2F 1-2: Grounds into double play, 4-6-3 (Groundball, 4, EV 83.8 MPH) George Johnson scores
|
|
Batting: LHB Jerald Hammermeister
|
0-0: Called Strike 0-1: Fly out, F5 (Popup, 56, EV 60.0 MPH)
|
| Top of the 1st over - 1 run, 2 hits, 0 errors, 0 left on base; Reading 1 - Pawtucket 0 |
| BOTTOM OF THE 1ST |
|
Pawtucket Paw Sox batting - Pitching for Reading Phillies : RHP Tim Burke
|
|
Pitching: RHP Tim Burke
|
|
|
Batting: LHB Jeff Stone
|
0-0: Ball 1-0: Ball 2-0: Hit by Pitch
|
|
Batting: RHB Shooty Babitt
|
0-0: Called Strike 0-1: Ball 1-1: Fly out, F8 (Flyball, 89M, EV 76.9 MPH)
|
|
Batting: LHB Dave Haberle
|
0-0: Foul Ball, location: 2F 0-1: Ball 1-1: Fielders Choice at 2nd, 6-4 (Groundball, 6, EV 85.6 MPH)
|
|
Batting: SHB Orestes Destrade
|
0-0: Ball Dave Haberle steals 2nd base 1-0: Foul Ball, location: 2F 1-1: Swinging Strike 1-2: Ball 2-2: Strikes out swinging
|
| Bottom of the 1st over - 0 runs, 0 hits, 0 errors, 1 left on base; Reading 1 - Pawtucket 0 |
| TOP OF THE 2ND |
|
Reading Phillies batting - Pitching for Pawtucket Paw Sox : RHP Curtis Coward
|
|
Batting: LHB Pedro Rabassa
|
0-0: Ball 1-0: Called Strike 1-1: Ball 2-1: Ball 3-1: SINGLE (Line Drive, 56, EV 95.0 MPH)
|
|
Batting: RHB Gabe Morales
|
0-0: SINGLE (Line Drive, 34D, EV 95.6 MPH) Pedro Rabassa to second Runner from 2nd tries for 3rd, SAFE, no throw by RF
|
|
Batting: SHB Doug Baker
|
0-0: Fly out, F9 (Flyball, 9D, EV 101.9 MPH) Runner from 3rd tags up, SCORES, throw by RF
|
|
Batting: RHB Mark Sproesser
|
0-0: Ball 1-0: Foul Ball, location: 2F 1-1: Ball 2-1: Called Strike 2-2: Grounds into double play, 4-6-3 (Groundball, 4M, EV 78.8 MPH)
|
| Top of the 2nd over - 1 run, 2 hits, 0 errors, 0 left on base; Reading 2 - Pawtucket 0 |
| BOTTOM OF THE 2ND |
|
Pawtucket Paw Sox batting - Pitching for Reading Phillies : RHP Tim Burke
|
|
Batting: RHB Brick Smith
|
0-0: Swinging Strike 0-1: Swinging Strike 0-2: Foul Ball, location: 2F 0-2: Ball 1-2: Ball 2-2: Strikes out swinging
|
|
Batting: LHB Steven Garcia
|
0-0: Called Strike 0-1: Ground out 4-3 (Groundball, 4S, EV 71.3 MPH)
|
|
Batting: RHB Dave Malpeso
|
0-0: Swinging Strike 0-1: Swinging Strike 0-2: Ball 1-2: Ball 2-2: Ball 3-2: Strikes out looking
|
| Bottom of the 2nd over - 0 runs, 0 hits, 0 errors, 0 left on base; Reading 2 - Pawtucket 0 |
| TOP OF THE 3RD |
|
Reading Phillies batting - Pitching for Pawtucket Paw Sox : RHP Curtis Coward
|
|
Batting: LHB Alex Mata
|
0-0: Ball 1-0: Ground out 1-3 (Groundball, 13, EV 66.3 MPH)
|
|
Batting: LHB George Johnson
|
0-0: Fly out, F9 (Flyball, 89M, EV 91.9 MPH)
|
|
Batting: LHB Paul Hertzler
|
0-0: DOUBLE (Line Drive, 7LS, EV 100.6 MPH)
|
|
Batting: LHB Martino Martin
|
0-0: Called Strike 0-1: Ball 1-1: Ball 2-1: Ball 3-1: Foul Ball, location: 2F 3-2: Foul Ball, location: 2F 3-2: Fly out, F3 (Line Drive, 3, EV 68.8 MPH)
|
| Top of the 3rd over - 0 runs, 1 hit, 0 errors, 1 left on base; Reading 2 - Pawtucket 0 |
| BOTTOM OF THE 3RD |
|
Pawtucket Paw Sox batting - Pitching for Reading Phillies : RHP Tim Burke
|
|
Batting: RHB Robert Duran
|
0-0: Swinging Strike 0-1: Ball 1-1: Called Strike 1-2: Strikes out swinging
|
|
Batting: RHB Lenny Faedo
|
0-0: Foul Ball, location: 2F 0-1: Ball 1-1: Ball 2-1: Ball 3-1: Base on Balls
|
|
Batting: LHB Jeff Stone
|
Pickoff Throw to First - Error! E1 Lenny Faedo to second 0-0: Ball 1-0: Ball 2-0: Fly out, F4 (Line Drive, 4, EV 61.9 MPH)
|
|
Batting: RHB Shooty Babitt
|
0-0: Called Strike 0-1: Ground out U3 (Groundball, 34S, EV 89.4 MPH)
|
| Bottom of the 3rd over - 0 runs, 0 hits, 1 error, 1 left on base; Reading 2 - Pawtucket 0 |
| TOP OF THE 4TH |
|
Reading Phillies batting - Pitching for Pawtucket Paw Sox : RHP Curtis Coward
|
|
Batting: LHB Jerald Hammermeister
|
0-0: Called Strike 0-1: Called Strike 0-2: Strikes out swinging
|
|
Batting: LHB Pedro Rabassa
|
0-0: Foul Ball, location: 2F 0-1: Fly out, F3 (Popup, 3S, EV 74.4 MPH)
|
|
Batting: RHB Gabe Morales
|
0-0: Ball 1-0: Fly out, F5 (Popup, 5F, EV 62.5 MPH)
|
| Top of the 4th over - 0 runs, 0 hits, 0 errors, 0 left on base; Reading 2 - Pawtucket 0 |
| BOTTOM OF THE 4TH |
|
Pawtucket Paw Sox batting - Pitching for Reading Phillies : RHP Tim Burke
|
|
Batting: LHB Dave Haberle
|
0-0: Swinging Strike 0-1: Ball 1-1: Called Strike 1-2: Foul Ball, location: 2F 1-2: Ball 2-2: Ball 3-2: Foul Ball, location: 2F 3-2: Strikes out swinging
|
|
Batting: SHB Orestes Destrade
|
0-0: Ball 1-0: Foul Ball, location: 2F 1-1: Ball 2-1: Swinging Strike 2-2: Foul Ball, location: 2F 2-2: Foul Ball, location: 2F 2-2: Ball 3-2: Base on Balls
|
|
Batting: RHB Brick Smith
|
0-0: Ball 1-0: DOUBLE (Line Drive, 7LM, EV 105.0 MPH) Orestes Destrade to third
|
|
Batting: LHB Steven Garcia
|
0-0: Ball 1-0: Fly out, F2 (Popup, 25F, EV 90.0 MPH)
|
|
Batting: RHB Dave Malpeso
|
0-0: Ball 1-0: Foul Ball, location: 2F 1-1: Swinging Strike 1-2: Ball 2-2: Foul Ball, location: 2F 2-2: Ball 3-2: Strikes out looking
|
| Bottom of the 4th over - 0 runs, 1 hit, 0 errors, 2 left on base; Reading 2 - Pawtucket 0 |
| TOP OF THE 5TH |
|
Reading Phillies batting - Pitching for Pawtucket Paw Sox : RHP Curtis Coward
|
|
Batting: SHB Doug Baker
|
0-0: Called Strike 0-1: Foul Ball, location: 2F 0-2: Ball 1-2: Foul Ball, location: 2F 1-2: Strikes out swinging
|
|
Batting: RHB Mark Sproesser
|
0-0: Ball 1-0: Swinging Strike 1-1: Swinging Strike 1-2: Ball 2-2: Strikes out looking
|
|
Batting: LHB Alex Mata
|
0-0: Ball 1-0: Foul Ball, location: 2F 1-1: Ball 2-1: Ground out 5-3 (Groundball, 25, EV 82.5 MPH)
|
| Top of the 5th over - 0 runs, 0 hits, 0 errors, 0 left on base; Reading 2 - Pawtucket 0 |
| BOTTOM OF THE 5TH |
|
Pawtucket Paw Sox batting - Pitching for Reading Phillies : RHP Tim Burke
|
|
Batting: RHB Robert Duran
|
0-0: Ball 1-0: Ball 2-0: Ball 3-0: Base on Balls
|
|
Batting: RHB Lenny Faedo
|
0-0: Ball 1-0: Bunt missed! 1-1: Ball 2-1: Bunted foul 2-2: Foul Ball, location: 2F 2-2: SINGLE (Groundball, 34D, EV 99.4 MPH) Robert Duran to second Runner from 2nd tries for 3rd, SAFE, throw by RF made to third
|
|
Batting: LHB Jeff Stone
|
0-0: Ball 1-0: Foul Ball, location: 2F 1-1: Swinging Strike 1-2: Reached on error, E6 (Groundball, 6M, EV 88.1 MPH) Robert Duran scores Lenny Faedo to second
|
|
Batting: RHB Shooty Babitt
|
0-0: Called Strike 0-1: Ball 1-1: Called Strike 1-2: Ball Wild Pitch! Lenny Faedo to third Jeff Stone to second 2-2: Strikes out looking
|
|
Batting: LHB Dave Haberle
|
0-0: Swinging Strike 0-1: Foul Ball, location: 2F 0-2: Ball 1-2: SINGLE (Groundball, 34D, EV 101.3 MPH) Lenny Faedo scores Jeff Stone to third Runner from 3rd tries for Home, throw by RF and OUT! 9-2 Dave Haberle to second
|
|
Batting: SHB Orestes Destrade
|
0-0: Called Strike 0-1: Ball 1-1: Foul Ball, location: 2F 1-2: Foul Ball, location: 2F 1-2: Ball 2-2: Foul Ball, location: 2F 2-2: Ground out 4-3 (Groundball, 4S, EV 80.0 MPH)
|
| Bottom of the 5th over - 2 runs, 2 hits, 1 error, 1 left on base; Reading 2 - Pawtucket 2 |
| TOP OF THE 6TH |
|
Reading Phillies batting - Pitching for Pawtucket Paw Sox : RHP Curtis Coward
|
|
Batting: LHB George Johnson
|
0-0: Ball 1-0: Foul Ball, location: 2F 1-1: Ball 2-1: Ground out 5-3 (Groundball, 5, EV 86.9 MPH)
|
|
Batting: LHB Paul Hertzler
|
0-0: Ball 1-0: Hit by Pitch
|
|
Batting: LHB Martino Martin
|
0-0: Ball 1-0: Called Strike 1-1: Foul Ball, location: 2F 1-2: SINGLE (Line Drive, 9S, EV 104.4 MPH) Paul Hertzler to second
|
|
Batting: LHB Jerald Hammermeister
|
0-0: Called Strike 0-1: Ball 1-1: Fly out, F9 (Flyball, 9LM, EV 87.5 MPH)
|
|
Batting: LHB Pedro Rabassa
|
0-0: Ball 1-0: Ball 2-0: Ball 3-0: Called Strike 3-1: Base on Balls Paul Hertzler to third Martino Martin to second
|
|
Batting: RHB Gabe Morales
|
0-0: Called Strike 0-1: Foul Ball, location: 2F 0-2: Foul Ball, location: 2F 0-2: SINGLE (Groundball, 4MD, EV 97.5 MPH) Paul Hertzler scores Martino Martin to third Pedro Rabassa to second Runner from 3rd tries for Home, SAFE, throw by CF to home
|
|
Batting: SHB Doug Baker
|
0-0: Ball 1-0: Ground out 3-1 (Groundball, 34, EV 103.8 MPH)
|
| Top of the 6th over - 2 runs, 2 hits, 0 errors, 2 left on base; Reading 4 - Pawtucket 2 |
| BOTTOM OF THE 6TH |
|
Pawtucket Paw Sox batting - Pitching for Reading Phillies : RHP Tim Burke
|
|
Batting: RHB Brick Smith
|
0-0: Ball 1-0: Foul Ball, location: 2F 1-1: Foul Ball, location: 2F 1-2: Fly out, F8 (Flyball, 89XD, EV 81.3 MPH)
|
|
Batting: LHB Steven Garcia
|
0-0: Fly out, F9 (Flyball, 89M, EV 88.8 MPH)
|
|
Batting: RHB Dave Malpeso
|
0-0: Ground out 5-3 (Groundball, 5S, EV 91.9 MPH)
|
| Bottom of the 6th over - 0 runs, 0 hits, 0 errors, 0 left on base; Reading 4 - Pawtucket 2 |
| TOP OF THE 7TH |
|
Reading Phillies batting - Pitching for Pawtucket Paw Sox : RHP Curtis Coward
|
|
Batting: RHB Mark Sproesser
|
0-0: SINGLE (Flyball, 3D, EV 92.5 MPH)
|
|
Batting: LHB Alex Mata
|
0-0: Bunt missed! 0-1: Sac Bunt to 3S - play at first, batter OUT! 3-1 Mark Sproesser to second
|
|
Batting: LHB George Johnson
|
0-0: Foul Ball, location: 2F 0-1: Foul Ball, location: 2F 0-2: Ball 1-2: Ball 2-2: Ball 3-2: Fly out, F9 (Flyball, 89M, EV 72.5 MPH)
|
|
Batting: LHB Paul Hertzler
|
0-0: Ball 1-0: Called Strike 1-1: Foul Ball, location: 2F 1-2: Strikes out swinging
|
| Top of the 7th over - 0 runs, 1 hit, 0 errors, 1 left on base; Reading 4 - Pawtucket 2 |
| BOTTOM OF THE 7TH |
|
Pawtucket Paw Sox batting - Pitching for Reading Phillies : RHP Tim Burke
|
|
Batting: RHB Robert Duran
|
0-0: Ball 1-0: Fly out, F8 (Line Drive, 8LD, EV 93.1 MPH)
|
|
Batting: RHB Lenny Faedo
|
0-0: Ball 1-0: Ground out U3 (Groundball, 3L, EV 81.3 MPH)
|
|
Batting: LHB Jeff Stone
|
0-0: Swinging Strike 0-1: Swinging Strike 0-2: Ball 1-2: Foul Ball, location: 2F 1-2: Ball 2-2: Ball 3-2: Base on Balls
|
|
Batting: RHB Shooty Babitt
|
0-0: Ball 1-0: Foul Ball, location: 2F 1-1: Called Strike Jeff Stone steals 2nd, throwing error, E2 Jeff Stone to third 1-2: Ball 2-2: Foul Ball, location: 2F 2-2: Ball 3-2: Foul Ball, location: 2F 3-2: Base on Balls
|
|
Batting: LHB Dave Haberle
|
0-0: Ball 1-0: Fly out, F9 (Flyball, 89M, EV 90.6 MPH)
|
| Bottom of the 7th over - 0 runs, 0 hits, 1 error, 2 left on base; Reading 4 - Pawtucket 2 |
| TOP OF THE 8TH |
|
Reading Phillies batting - Pitching for Pawtucket Paw Sox : RHP Curtis Coward
|
|
Batting: LHB Martino Martin
|
0-0: Fly out, F8 (Flyball, 8LD, EV 101.3 MPH)
|
|
Batting: LHB Jerald Hammermeister
|
0-0: TRIPLE (Flyball, 7LD, EV 99.4 MPH)
|
|
Batting: LHB Pedro Rabassa
|
0-0: Intentional Walk
|
|
Batting: RHB Gabe Morales
|
0-0: Called Strike 0-1: Swinging Strike 0-2: Strikes out looking
|
|
Batting: SHB Doug Baker
|
0-0: Ball 1-0: Foul Ball, location: 2F 1-1: Ball 2-1: Hit by Pitch Pedro Rabassa to second
|
|
Batting: RHB Mark Sproesser
|
0-0: Called Strike 0-1: Foul Ball, location: 2F 0-2: Ball 1-2: Ball 2-2: Strikes out swinging
|
| Top of the 8th over - 0 runs, 1 hit, 0 errors, 3 left on base; Reading 4 - Pawtucket 2 |
| BOTTOM OF THE 8TH |
|
Pawtucket Paw Sox batting - Pitching for Reading Phillies : RHP Tim Burke
|
|
Batting: SHB Orestes Destrade
|
0-0: Ball 1-0: Foul Ball, location: 2F 1-1: Foul Ball, location: 2F 1-2: Ball 2-2: SOLO HOME RUN (Line Drive, 9D, EV 103.1 MPH), Distance : 360 ft
|
|
Batting: RHB Brick Smith
|
0-0: Ball 1-0: Called Strike 1-1: Ball 2-1: Ball 3-1: Foul Ball, location: 2F 3-2: Foul Ball, location: 2F 3-2: SINGLE (Groundball, 6S, EV 65.6 MPH) (infield hit)
|
|
Batting: LHB Steven Garcia
|
0-0: Bunt missed! 0-1: Bunted foul 0-2: Ball 1-2: Ball 2-2: Ball 3-2: Foul Ball, location: 2F 3-2: Fly out, F8 (Flyball, 8LS, EV 85.6 MPH)
|
|
Batting: RHB Dave Malpeso
|
0-0: Ball 1-0: Swinging Strike 1-1: Foul Ball, location: 2F 1-2: Foul Ball, location: 2F 1-2: Ball 2-2: Foul Ball, location: 2F 2-2: Strikes out looking
|
|
Pitching: LHP Frank Treto
|
|
|
Batting: RHB Robert Duran
|
0-0: Swinging Strike 0-1: Foul Ball, location: 2F 0-2: Strikes out swinging
|
| Bottom of the 8th over - 1 run, 2 hits, 0 errors, 1 left on base; Reading 4 - Pawtucket 3 |
| TOP OF THE 9TH |
|
Reading Phillies batting - Pitching for Pawtucket Paw Sox : RHP Curtis Coward
|
|
Pitching: RHP Terry McAnnally
|
|
|
Batting: LHB Alex Mata
|
0-0: Ball 1-0: Ball 2-0: Foul Ball, location: 2F 2-1: Ground out 3-1 (Groundball, 34, EV 80.0 MPH)
|
|
Batting: LHB George Johnson
|
0-0: Ball 1-0: Called Strike 1-1: Ball 2-1: Ball 3-1: Base on Balls
|
|
Batting: LHB Paul Hertzler
|
0-0: Ball 1-0: Ball 2-0: Swinging Strike 2-1: Called Strike 2-2: Ball 3-2: Strikes out swinging George Johnson steals 2nd base Batter strikes out.
|
|
Batting: LHB Martino Martin
|
0-0: Ball 1-0: SINGLE (Line Drive, 4D, EV 98.8 MPH) George Johnson to third Runner from 3rd tries for Home, SAFE, throw by RF to home
|
|
Batting: LHB Jerald Hammermeister
|
0-0: DOUBLE (Flyball, 78D, EV 96.3 MPH) Martino Martin to third Runner from 3rd tries for Home, SAFE, throw by CF to home
|
|
Batting: LHB Pedro Rabassa
|
0-0: Swinging Strike 0-1: Ball 1-1: Called Strike 1-2: Strikes out looking
|
| Top of the 9th over - 2 runs, 2 hits, 0 errors, 1 left on base; Reading 6 - Pawtucket 3 |
| BOTTOM OF THE 9TH |
|
Pawtucket Paw Sox batting - Pitching for Reading Phillies : LHP Frank Treto
|
|
Now at 1B: Paul Wirkus
|
|
|
Batting: RHB Lenny Faedo
|
0-0: Called Strike 0-1: Swinging Strike 0-2: Foul Ball, location: 2F 0-2: Ball 1-2: Ground out 1-5-3 (Groundball, 15S, EV 109.4 MPH)
|
|
Batting: LHB Jeff Stone
|
0-0: Fly out, F8 (Flyball, 89D, EV 104.4 MPH)
|
|
Batting: RHB Shooty Babitt
|
0-0: Ground out U3 (Groundball, 34, EV 92.5 MPH)
|
| Bottom of the 9th over - 0 runs, 0 hits, 0 errors, 0 left on base; Reading 6 - Pawtucket 3 |
|